 Dungeon Crawl Stone Soup version 0.20.1-1-g8b1a95d (webtiles) character file.

37 Linguinho the Vexing (level 3, -2/24 HPs)
             Began as a Demonspawn Enchanter on Oct 31, 2017.
             Slain by Terence
             ... wielding a +0 falchion
              (6 damage)
             ... on level 2 of the Dungeon.
             The game lasted 00:03:57 (1315 turns).

Linguinho the Vexing (Demonspawn Enchanter)         Turns: 1315, Time: 00:03:57

Health: -2/24      AC:  2    Str:  8    XL:     3   Next: 23%
Magic:  0/6        EV: 12    Int: 16    God:
Gold:   55         SH:  0    Dex: 14    Spells: 3/6 levels left

rFire    . . .     SeeInvis .   j - +0 dagger (speed)
rCold    . . .     Gourm    .   (no shield)
rNeg     . . .     Faith    .   b - +0 robe
rPois    .         Spirit   .   (no helmet)
rElec    .         Reflect  .   (no cloak)
rCorr    .         Harm     .   (no gloves)
MR       .....                  (no boots)
Stlth    ++........             (no amulet)
Regen    0.1/turn               (no ring)
MPRegen  0.1/turn               (no ring)

@: no status effects
A: powered by death 1
a: no special abilities


You were on level 2 of the Dungeon.
You were not hungry.

You visited 1 branch of the dungeon, and saw 2 of its levels.

You collected 55 gold pieces.

Inventory:

Hand Weapons
 a - a +1 dagger
 j - a +0 dagger of speed (weapon)
Armour
 b - a +0 robe (worn)
Scrolls
 e - 2 scrolls of recharging {unknown}
 g - a scroll of fear {unknown}
 h - a scroll of blinking {unknown}
 k - a scroll of remove curse {unknown}
 l - 2 scrolls of identify {unknown}
 m - a scroll of teleportation {unknown}
Potions
 i - 3 potions of curing {unknown}
Books
 c - a book of Maledictions

   Spells                             Type                      Level
   a - Corona                         Hexes                        1
   b - Ensorcelled Hibernation        Hexes/Ice                    2
   c - Confuse                        Hexes                        3
   d - Tukima's Dance                 Hexes                        3
   e - Dazzling Spray                 Conjuration/Hexes            3
Comestibles
 d - a bread ration
 f - a meat ration
 n - a chunk of flesh


   Skills:
 + Level 0.2 Fighting
 + Level 1.3 Short Blades
 + Level 1.8 Dodging
 + Level 3.1 Stealth
 + Level 2.3 Spellcasting
 + Level 3.4 Hexes


You had 3 spell levels left.
You knew the following spells:

 Your Spells              Type           Power        Failure   Level  Hunger
a - Corona                Hex            ##.....      4%          1    #......
b - Ensorcelled Hibernat  Hex/Ice        #.....       16%         2    ###....


Dungeon Overview and Level Annotations

Branches:
Dungeon (2/15)

Altars:

Annotations:
D:2 Terence


Innate Abilities, Weirdness & Mutations

You regenerate a little health from kills.


Message History

Casting: Ensorcelled Hibernation
Confirm with . or Enter, or press ? or * to list all spells.
Aiming: Corona
Press: ? - help, Shift-Dir - straight line, f/p - Terence
Aim: Terence, wielding a falchion and wearing a scale mail (heavily wounded, chance to defeat MR: 57%) Terence is outlined in light.
You hit Terence.
Terence is heavily wounded.
Terence hits you with a falchion!
* * * LOW HITPOINT WARNING * * *
You hit Terence but do no damage.
Terence is heavily wounded.
Terence misses you.
You hit Terence.
Terence is heavily wounded.
You hit Terence but do no damage.
Terence is heavily wounded.
Terence shouts, "Get ready for death!"
Terence hits you with a falchion.
You die...

#########
#..<....#
#..##.###
#..)#@#
##..#@#
#..#.#
####.#
#.# ..#
###


You could see Terence.

Vanquished Creatures
  7 bats (D:1)
  6 goblins
  6 hobgoblins (D:1)
  3 jackals (D:1)
  6 kobolds (D:1)
  2 frilled lizards (D:1)
30 creatures vanquished.

Vanquished Creatures (others)
  A dart slug (D:1)
  A jackal (D:1)
2 creatures vanquished.

Grand Total: 32 creatures vanquished

Notes
Turn   | Place    | Note
-------+----------+-------------------------------------------
     0 | D:1      | Linguinho the Demonspawn Enchanter began the quest for the Orb.
     0 | D:1      | Reached XP level 1. HP: 13/13 MP: 3/3
   203 | D:1      | Gained mutation: You regenerate a little health from kills. [demonic ancestry]
   203 | D:1      | Reached XP level 2. HP: 13/19 MP: 3/5
   336 | D:1      | Learned a level 2 spell: Ensorcelled Hibernation
   482 | D:1      | Reached skill level 1 in Short Blades
   863 | D:1      | Reached XP level 3. HP: 15/24 MP: 1/6
  1293 | D:2      | Noticed Terence
  1315 | D:2      | Slain by Terence

Skill      XL: |  1  2 |
---------------+-------+-----
Stealth        | 3 |  3.1
Short Blades   | 1 |  1.3
Fighting       | |  0.2
Dodging        | |  1.8
Spellcasting   | |  2.3
Hexes          | |  3.4

Action                   || total
-------------------------++-------
Melee: Dagger            ||   124
 Cast: Corona            ||    12
       Ensorcelled Hiber ||    10
 Stab: Sleeping          ||    11
  Eat: Chunk             ||     2
Armor: Robe              ||    29
Dodge: Dodged            ||    95
